 Dungeon Sprint DCSS version 0.27-a0-637-g3a9f0a9c12 (webtiles) character file.

Game seed: 8240097374176540566

221 mhtbhm the Protected (level 5, -6/78 HPs)
             Began as a Minotaur Fighter on Mar 14, 2021.
             Was an Elder of Trog.
             Mangled by a freezing wraith (13 damage)
             ... in the Dungeon (Sprint VII: "The Pits").
             The game lasted 00:00:52 (719 turns).

mhtbhm the Protected (Minotaur Fighter)              Turns: 719, Time: 00:00:53

Health: -6/78      AC: 13    Str: 21    XL:     5   Next: 65%
Magic:  4/4        EV:  7    Int:  5    God:    Trog [****..]
Gold:   0          SH: 11    Dex: 10    Spells: 4/4 levels left

rFire    . . .     SeeInvis .   a - +1 hand axe (vorpal)
rCold    . . .     Faith    .   c - +0 kite shield
rNeg     . . .     Spirit   .   b - +3 chain mail
rPois    .         Reflect  .   (helmet restricted)
rElec    .         Harm     .   (no cloak)
rCorr    .         Rampage  .   (no gloves)
Will     .....     NoTele   +   (no boots)
Stlth    ..........             (no amulet)
HPRegen  0.23/turn              (no ring)
MPRegen  0.09/turn              (no ring)

@: berserking, slowed
A: horns 2, retaliatory headbutt
a: Renounce Religion, Berserk, Trog's Hand, Brothers in Arms


You were in the Dungeon.
You worshipped Trog.
Trog was greatly pleased with you.
You visited 1 branch

Inventory:

Hand Weapons
 a - a +1 vorpal hand axe (weapon)
Armour
 b - a +3 chain mail (worn)
 c - a +0 kite shield (worn)
Scrolls
 j - a scroll of blinking
 l - a scroll of summoning
Potions
 d - a potion of might
 e - 6 potions of curing
 f - 5 potions of heal wounds
 g - a potion of haste
 h - 4 potions of magic
 i - 3 potions of berserk rage
 k - 2 potions of invisibility


   Skills:
 + Level 7.5 Fighting
 + Level 6.8 Axes
 + Level 8.0 Armour
 + Level 2.8 Dodging
 + Level 8.0 Shields


You had 4 spell levels left.
You didn't know any spells.
Your spell library was empty.

Dungeon Overview and Level Annotations

Branches:
Dungeon (1/1)

Altars:
Cheibriados
Dithmenos
Elyvilon
Fedhas
Gozag
Hepliaklqana
Makhleb
Nemelex Xobeh
Okawaru
Qazlal
Ru
Sif Muna
Trog
Vehumet
Wu Jian
Xom
Yredelemnul
Zin
The Shining One
Beogh
Jiyva
Lugonu


Innate Abilities, Weirdness & Mutations

You have a pair of horns on your head.
You reflexively headbutt those who attack you in melee.


Message History

HP restored.
You open the door.
A freezing wraith comes into view.
You closely miss the freezing wraith.
You block the freezing wraith's attack. x2
You closely miss the freezing wraith. The freezing wraith barely misses you.
You furiously retaliate!
You headbutt the freezing wraith. You block the freezing wraith's attack.
Your shield and chain mail prevent you from hitting the freezing wraith.
You headbutt the freezing wraith, but do no damage.
The freezing wraith is lightly damaged.
You block the freezing wraith's attack. The freezing wraith hits you.
The freezing wraith drains your vigour!
You feel yourself slow down.
You barely miss the freezing wraith.
Your headbutt misses the freezing wraith.
The freezing wraith is lightly damaged.
You block the freezing wraith's attack. x2
You hit the freezing wraith.
The freezing wraith is lightly damaged.
The freezing wraith barely misses you.
The freezing wraith hits you but does no damage.
The freezing wraith hits you! The freezing wraith freezes you!!
* * * LOW HITPOINT WARNING * * *
The freezing wraith hits you but does no damage.
You feel much better.
The freezing wraith hits you but does no damage.
You block the freezing wraith's attack.
A red film seems to cover your vision as you go berserk!
You feel yourself moving faster!
You feel mighty!
The freezing wraith hits you but does no damage.
The freezing wraith hits you. The freezing wraith drains your vigour!
You feel as though you will be slow longer.
The freezing wraith hits you! The freezing wraith freezes you!!
* * * LOW HITPOINT WARNING * * *
The freezing wraith hits you but does no damage.
You hit the freezing wraith.
The freezing wraith is lightly damaged.
The freezing wraith hits you!
* * * LOW HITPOINT WARNING * * *
The freezing wraith freezes you!
You die...

#.#........##.......#
#'###########.......#
#.......# #########
#.).#...# #)รท.#...#
#.##.##.#+#
#...#...#.+
#...#...#W#
#.......)@#
###########


You could see a freezing wraith.

Vanquished Creatures
  Duvessa (D)
  A crimson imp (D)
  Terence (D)
  A gnoll (D)
  2 river rats (D)
  2 oozes (D)
  An adder skeleton (D)
  A leopard gecko (D)
  2 orcs (D)
  A ball python (D)
  A goblin (D)
  A kobold (D)
  A quokka (D)
  A rat (D)
17 creatures vanquished.

Notes
Turn   | Place    | Note
-------+----------+-------------------------------------------
     0 | D        | mhtbhm the Minotaur Fighter began the quest for the Orb.
     0 | D        | Reached XP level 1. HP: 19/19 MP: 0/0
    13 | D        | Reached XP level 2. HP: 28/28 MP: 1/1
    17 | D        | Found a bloodstained altar of Trog.
    17 | D        | Found a shimmering blue altar of Sif Muna.
    17 | D        | Found a viscous altar of Jiyva.
    17 | D        | Found a hazy altar of Hepliaklqana.
    17 | D        | Found an opulent altar of Gozag.
    18 | D        | Found a glowing golden altar of the Shining One.
    18 | D        | Found a glowing silver altar of Zin.
    18 | D        | Found a basalt altar of Yredelemnul.
    18 | D        | Found a shimmering altar of Xom.
    18 | D        | Found an ornate altar of the Wu Jian Council.
    18 | D        | Found a sacrificial altar of Ru.
    18 | D        | Found a stormy altar of Qazlal.
    18 | D        | Found an iron altar of Okawaru.
    18 | D        | Found a sparkling altar of Nemelex Xobeh.
    18 | D        | Found a burning altar of Makhleb.
    18 | D        | Found a blossoming altar of Fedhas.
    18 | D        | Found a white marble altar of Elyvilon.
    18 | D        | Found a shadowy altar of Dithmenos.
    18 | D        | Found a snail-covered altar of Cheibriados.
    21 | D        | Found a corrupted altar of Lugonu.
    21 | D        | Found a radiant altar of Vehumet.
    22 | D        | Became a worshipper of Trog the Wrathful
    70 | D        | Reached * piety under Trog
    71 | D        | Reached skill level 5 in Fighting
    71 | D        | Reached skill level 5 in Armour
    71 | D        | Reached skill level 5 in Shields
    76 | D        | Reached XP level 3. HP: 8/36 MP: 2/2
   308 | D        | Reached ** piety under Trog
   334 | D        | Reached skill level 1 in Dodging
   334 | D        | Reached XP level 4. HP: 42/44 MP: 3/3
   397 | D        | Noticed Terence
   401 | D        | Reached *** piety under Trog
   405 | D        | Reached **** piety under Trog
   409 | D        | Killed Terence
   410 | D        | Reached skill level 5 in Axes
   465 | D        | Noticed Duvessa
   481 | D        | Killed Duvessa
   482 | D        | Reached XP level 5. HP: 13/52 MP: 4/4
   711 | D        | Noticed a freezing wraith
   719 | D        | Mangled by a freezing wraith

Illustrated notes

Levels and vault maps discovered:
D:        pitsprint [storerooms_1, entrance_room_1, metal_vault_6, armoury_2,
          mini_pit_1, grid_room_1, main_hall_1, silver_pit, the_coven_1,
          the_vestibule_1, steel_vault_4, golden_pit, hallway_of_sentries,
          crystal_vault_1, iron_vault_2, final_vault]

Skill      XL: |  1  2  3  4 |
---------------+-------------+-----
Fighting       | 4 5 6 7 |  7.5
Axes           | 3 4 6 |  6.8
Armour         | 4 5 6 8 |  8.0
Shields        | 4 5 6 8 |  8.0
Dodging        | 1 2 |  2.8

Action                   |  1- 3 |  4- 6 || total
-------------------------+-------+-------++-------
Melee: War axe           |     2 |       ||     2
       Hand axe          |    30 |    30 ||    60
       Headbutt          |     5 |     6 ||    11
Invok: Berserk           |       |     2 ||     2
  Use: Potion            |       |     1 ||     1
Armor: Scale mail        |     9 |       ||     9
       Chain mail        |       |    14 ||    14
Dodge: Dodged            |    12 |     5 ||    17
Block: Kite shield       |    19 |    24 ||    43

Table legend: (Time is in decaauts)
 A = Elapsed time spent in this place.
 B = Non-inter-level travel time spent in this place.
 C = Inter-level travel time spent in this place.
 D = Time resting spent in this place.
 E = Time spent auto-exploring this place.
 F = Levels seen in this place.
 G = Mean time per level.
                   A        B        C        D        E       F      G
               +--------+--------+--------+--------+--------+-----+--------+
         Total |    740 |    740 |      0 |    491 |     33 |   1 |  740.0 |
       Dungeon |    740 |    740 |      0 |    491 |     33 |   1 |  740.0 |
               +--------+--------+--------+--------+--------+-----+--------+

Top non-repeatable levels by time:
       D: 740 daAuts
